 Seeded DCSS version 0.26-a0-489-g112e8ad (webtiles) character file.

Game seed: 9048003633700733621 (custom seed)

68 Illumine the Grasshopper (level 4, 0/26 HPs)
             Began as a Deep Elf Warper on Aug 2, 2020.
             Shot with an arrow by a centaur (7 damage)
             ... on level 2 of the Dungeon.
             The game lasted 00:11:58 (3373 turns).

Illumine the Grasshopper (Deep Elf Warper)          Turns: 3373, Time: 00:11:58

Health: 0/26       AC:  4    Str:  9    XL:     4   Next: 1%
Magic:  7/10       EV: 13    Int: 18    God:
Gold:   77         SH:  0    Dex: 14    Spells: 1/9 levels left

rFire    . . .     SeeInvis .   b - +0 hunting sling
rCold    . . .     Faith    .   (no shield)
rNeg     . . .     Spirit   .   j - +0 leather armour
rPois    .         Reflect  .   (no helmet)
rElec    .         Harm     .   (no cloak)
rCorr    .                      (no gloves)
MR       .....                  g - +0 pair of boots
Stlth    +.........             (no amulet)
HPRegen  0.08/turn              (no ring)
MPRegen  0.12/turn              (no ring)

@: no status effects
A: no striking features
a: no special abilities


You were on level 2 of the Dungeon.
You visited 1 branch of the dungeon, and saw 3 of its levels.

You collected 77 gold pieces.

Inventory:

Hand Weapons
 a - a +0 short sword
 b - a +0 hunting sling (weapon)
 n - a +0 dagger
Missiles
 c - 124 stones
 h - 14 arrows
 k - 19 sling bullets (quivered)
Armour
 f - a +0 kite shield
 g - a +0 pair of boots (worn)
 j - a +0 leather armour (worn)
Scrolls
 d - 2 scrolls of blinking
 l - a scroll of enchant armour {unknown}
 m - a scroll of identify
Potions
 e - a potion of curing
 i - 3 potions of stabbing {unknown}


   Skills:
 + Level 2.2 Fighting
 * Level 3.2 Short Blades
 - Level 1.0 Throwing
 - Level 1.0 Armour
 + Level 3.2 Dodging
 + Level 3.1 Spellcasting
 - Level 3.3 Translocations


You had one spell level left.
You knew the following spells:

 Your Spells              Type           Power        Failure   Level
a - Blink                 Tloc           N/A          9%          2
b - Gell's Gravitas       Tloc           ##........   17%         3
c - Teleport Other        Tloc           ##......     17%         3

Your spell library contained the following spells:

 Spells                   Type           Power        Failure   Level
 Lesser Beckoning         Tloc           ##........   17%         3
 Passage of Golubria      Tloc           N/A          50%         4


Dungeon Overview and Level Annotations

Branches:
Dungeon (3/15)

Altars:

Annotations:
D:2 Sigmund
D:3 Jessica


Message History

A centaur comes into view.
The centaur wields a +0 shortbow.
The centaur shoots an arrow.
The arrow hits you!
You see here an arrow.
Unknown command.
Casting: Blink (safe; 9% risk of failure)
Confirm with . or Enter, or press ? or * to list all spells.
Okay, then.
Casting: Blink (safe; 9% risk of failure)
Confirm with . or Enter, or press ? or * to list all spells.
The spell is quite dangerous to cast (17% risk of failure)!
Continue anyway?
Aiming: Teleport Other (quite dangerous; 17% risk of failure)
Press: ? - help, Shift-Dir - straight line, f - centaur
Aim: a centaur, wielding a +0 shortbow and quivering 18 arrows (chance to defeat MR: 50%)
The centaur looks slightly unstable.
The centaur shoots an arrow.
The arrow hits you.
The centaur shoots an arrow.
The arrow hits you!
* * * LOW HITPOINT WARNING * * *
The centaur shoots an arrow.
The arrow hits you!
You die...

#.# .......# #..### #.# .......#
#..#.. #.# .......# #....# #.#
.c...c.######## ##...# #.#
#.(....... #....# #.# #.#########
#.#..# #.##@# #.##......# #.#..#
####.##.# #(##.####[# #.#...
..##.##.# #@##.# #.# #.#...
##.##.##.# #.##.# #.# #.#..#
.#.##.##.# #.##.# #.# #.#..#
.#.##.##.# #.##.# #.# #.#..#
'#.##.##.# #.##.####.###.#..#
...##.##.#######.#...........#..#
'#.#.............#######.########
†#.#..##.##############..........
.#.#..........................###


You could see a centaur.

Vanquished Creatures
  2 adders (D:2)
  A worm (D:2)
  3 dart slugs (D:1)
  3 leopard geckos (D:1)
  3 bats
  2 giant cockroaches
  9 hobgoblins
  A quokka (D:2)
  3 frilled lizards (D:1)
  4 goblins
  3 kobolds (D:1)
  4 rats (D:1)
38 creatures vanquished.

Notes
Turn   | Place    | Note
-------+----------+-------------------------------------------
     0 | D:1      | Illumine the Deep Elf Warper began the quest for the Orb.
     0 | D:1      | Reached XP level 1. HP: 12/12 MP: 6/6
   576 | D:1      | Reached XP level 2. HP: 8/17 MP: 8/8
   748 | D:1      | Learned a level 2 spell: Blink
  1694 | D:2      | Noticed Jessica
  1710 | D:3      | Reached XP level 3. HP: 18/21 MP: 9/9
  1843 | D:2      | Learned a level 3 spell: Gell's Gravitas
  1847 | D:2      | Learned a level 3 spell: Teleport Other
  2374 | D:1      | Reached skill level 1 in Armour
  2894 | D:2      | Noticed Sigmund
  3080 | D:2      | HP: 1/21 [poisoned by an adder]
  3089 | D:2      | Reached XP level 4. HP: 12/26 MP: 4/10
  3368 | D:2      | Noticed a centaur
  3373 | D:2      | Shot with an arrow by a centaur

Illustrated notes

Levels and vault maps discovered:
D:1:      wander_arrival_abandoned_jail, layout_basic
D:2:      minmay_door_path, layout_basic, uniq_sigmund, uniq_jessica
D:3:      layout_basic

Skill      XL: |  1  2  3 |
---------------+----------+-----
Fighting       | 2 |  2.2
Dodging        | 3 |  3.2
Short Blades   | 3 |  3.2
Armour         | 1 |  1.0
Throwing       | |  1.0
Spellcasting   | |  3.1
Translocations | |  3.3

Action                   |  1- 3 |  4- 6 || total
-------------------------+-------+-------++-------
Melee: Short sword       |   158 |       ||   158
 Fire: Hunting sling     |    13 |       ||    13
Throw: Stone             |    76 |       ||    76
       Boomerang         |     5 |       ||     5
 Cast: Blink             |    11 |       ||    11
       Teleport Other    |       |     1 ||     1
  Use: Scroll            |     2 |       ||     2
       Potion            |     1 |       ||     1
Armor: Leather armour    |    39 |       ||    39
Dodge: Dodged            |   109 |       ||   109

Table legend: (Time is in decaauts)
 A = Elapsed time spent in this place.
 B = Non-inter-level travel time spent in this place.
 C = Inter-level travel time spent in this place.
 D = Time resting spent in this place.
 E = Time spent auto-exploring this place.
 F = Levels seen in this place.
 G = Mean time per level.
                   A        B        C        D        E       F      G
               +--------+--------+--------+--------+--------+-----+--------+
         Total |   3373 |   3321 |     52 |   1421 |    814 |   3 | 1124.3 |
       Dungeon |   3373 |   3321 |     52 |   1421 |    814 |   3 | 1124.3 |
               +--------+--------+--------+--------+--------+-----+--------+

Top non-repeatable levels by time:
     D:1: 1913 daAuts
     D:2: 1378 daAuts
     D:3: 81 daAuts
